 Dungeon Crawl Stone Soup version 0.29.1-4-g47bece8355 (webtiles) character file.

Game seed: 18118739892799015008

0 hawla the Firebug (level 1, -1/14 HPs)
             Began as a Meteoran Fire Elementalist on Dec 4, 2022.
             Slain by a quokka (3 damage)
             ... on level 1 of the Dungeon.
             The game lasted 00:00:20 (28 turns).

hawla the Firebug (Meteoran Fire Elementalist)        Turns: 28, Time: 00:00:20

Health: -1/14      AC:  2    Str:  9    XL:     1   Next: 14%
Magic:  5/5        EV: 12    Int: 16    God:
Gold:   0          SH:  0    Dex: 14    Spells: 4/5 levels left

rFire   . . .      SeeInvis .   (no weapon)
rCold   . . .      Faith    .   (no shield)
rNeg    . . .      Spirit   .   a - +0 robe
rPois   .          Reflect  .   (no helmet)
rElec   .          Harm     .   (no cloak)
rCorr   .          Rampage  .   (no gloves)
Will    .....                   (no boots)
Stlth   +.........              (no amulet)
HPRegen 0.04/turn               (no ring)
MPRegen 0.09/turn               (no ring)

@: glowing
A: sense surroundings 1, otherworldly, glowing, explore regen
a: no special abilities


You were on level 1 of the Dungeon.
You visited 1 branch of the dungeon, and saw 1 of its levels.

Inventory:

Armour
 a - a +0 robe (worn)
Potions
 b - a potion of magic


   Skills:
 + Level 2.4 Dodging
 - Level 1.4 Stealth
 + Level 2.7 Spellcasting
 + Level 1.2 Conjurations
 + Level 3.6 Fire Magic


You had 4 spell levels left.
You knew the following spells:

 Your Spells              Type           Power      Damage    Failure   Level
a - Foxfire               Conj/Fire      36%        2x1d5     7%          1

Your spell library contained the following spells:

 Spells                   Type           Power      Damage    Failure   Level
 Scorch                   Fire           26%        2d6       7%          2
 Conjure Flame            Conj/Fire      9%         6-21      22%         3
 Inner Flame              Hex/Fire       8%         N/A       26%         3
 Flame Wave               Conj/Fire      9%         2d6       56%         4


Dungeon Overview and Level Annotations

Branches:
Dungeon (1/15) Zot: 572

Altars:


Innate Abilities, Weirdness & Mutations

You passively map a small area around you.
You are easily found by Zot.
You glow in the dark.
You regain HP and MP as you explore.


Message History

The frilled lizard hisses angrily.
The frilled lizard bites you but does no damage.
You hit the frilled lizard but do no damage.
A quokka comes into view.
The frilled lizard closely misses you.
You closely miss the frilled lizard. The frilled lizard barely misses you.
You hit the frilled lizard.
You kill the frilled lizard!
The quokka barely misses you.
You hit the quokka.
The quokka is moderately wounded.
The quokka bites you but does no damage.
You closely miss the quokka.
The quokka is moderately wounded.
The quokka bites you.
You closely miss the quokka. The quokka barely misses you.
You hit the quokka but do no damage.
The quokka bites you but does no damage.
You hit the quokka but do no damage.
The quokka twitches its whiskers.
The quokka bites you but does no damage.
The quokka bites you.
You closely miss the quokka. The quokka closely misses you.
You barely miss the quokka. The quokka bites you.
You barely miss the quokka. The quokka closely misses you.
You miss the quokka. The quokka closely misses you.
You barely miss the quokka.
The quokka bites you but does no damage.
The quokka completely misses you.
You barely miss the quokka. The quokka bites you.
You hit the quokka but do no damage. The quokka bites you.
* * * LOW HITPOINT WARNING * * *
Okay, then.
The quokka attacks as you move away! The quokka bites you.
* * * LOW HITPOINT WARNING * * *
The quokka misses you.
Unknown command.
The quokka attacks as you move away! The quokka misses you.
The quokka attacks as you move away! The quokka bites you.
You die...

, * * *
#.### , * *
**, , , ...
* ** #†# * *
#. ##.# , .#
#. ##.## *
#.#* #.
##.## #.# #.
##.## , ,
#.# #) ##r##
, ,
#.##.##@## ,
#.#.#.## ,
** * #.#.##
* * * , , ,,
#<#.......
#.#.#######*
#.# #[# *
*#.# #.# ,
#.# , *#.#*
* * * #(# *
#.#


You could see a quokka.

Vanquished Creatures
  A frilled lizard (D:1)
1 creature vanquished.

Notes
Turn   | Place    | Note
-------+----------+-------------------------------------------
     0 | D:1      | hawla the Meteoran Fire Elementalist began the quest for
                  | the Orb.
     0 | D:1      | Reached XP level 1. HP: 14/14 MP: 5/5
    28 | D:1      | Slain by a quokka

Illustrated notes

Levels and vault maps discovered:
D:1:      spicycebolla_arrival_xxxplode, layout_basic,
          chequers_ecumenical_altar_twisty, st_stairs_4, minmay_box_of_dots

Action                   || total
-------------------------++-------
Melee: Unarmed           ||    15
Armor: Robe              ||     5
Dodge: Dodged            ||    10
